Map: 로스트 앤 파운드 - 래더

Players

FanTaSy

  • Race: Terran Terran
  • League: Diamond
  • Spawn Location: 1:00

Patience - Winner!

  • Race: Protoss Protoss
  • Spawn Location: 7:00

Event: HomeStory Cup XVII

VOD

Have the link to the VOD?

Description

Time

  • Played on: June 29, 2018, 5:41 p.m.
  • Length: 16:09

All games in this series

Show
View Real Time Build Order
Export as new Build Order

FanTaSy Terran 

Build Orders: Gas First Reaper Expand, Reaper Expand, MMM Bio, Cyclone Timing 

Get SALT Encoding   

  12  0:00  SCV  
  13  0:12  SCV  
  14  0:17  Supply Depot  
  14  0:24  SCV  
  15  0:29  Refinery  
  15  0:38  SCV  
  16  0:43  Barracks  
  16  0:50  SCV  
  17  1:03  SCV  
  18  1:15  SCV  
  19  1:30  Orbital Command, Reaper  
  20  1:44  Command Center  
  20  1:52  Factory  
  20  1:55  SCV  
  20  2:01  Refinery  
  21  2:07  Barracks Reactor, SCV  
  22  2:13  Supply Depot  
  22  2:20  SCV  
  23  2:34  SCV  
  24  2:38  Starport  
  24  2:41  Widow Mine  
  24  2:44  Marine x2  
  27  2:47  SCV  
  29  2:57  Orbital Command  
  28  3:01  Marine, SCV  
  28  3:02  Marine  
  31  3:10  Cyclone  
  34  3:17  Viking  
  36  3:23  Marine x2  
  36  3:27  SCV  
  39  3:29  SCV  
  39  3:39  SCV  
  39  3:40  Marine x2  
  39  3:44  Cyclone  
  39  3:46  SCV  
  42  3:51  SCV  
  42  3:55  Supply Depot  
  43  3:58  Marine x2, SCV  
  46  4:06  Supply Depot  
  46  4:16  Medivac, Marine x2, SCV x2  
  52  4:27  Cyclone  
  52  4:28  SCV x2  
  52  4:30  Supply Depot  
  57  4:34  Liberator, Marine x2  
  59  4:40  SCV x2  
  61  4:50  Barracks x2  
  61  4:52  Marine x2  
  66  4:57  SCV x2  
  68  5:01  Refinery  
  68  5:03  Engineering Bay, Supply Depot, Factory Tech Lab  
  68  5:06  Supply Depot  
  68  5:18  Marine x2  
  70  5:25  SCV x2  
  70  5:27  Supply Depot  
  72  5:35  Factory Tech Lab  
  72  5:37  SCV x2  
  72  5:38  Marine x2  
  74  5:46  Starport Reactor  
  74  5:49  SCV x2  
  75  5:54  Stimpack  
  75  5:55  Factory Reactor, Marine x2  
  75  5:56  Marine  
  76  6:01  SCV x2  
  72  6:09  Barracks Tech Lab  
  70  6:12  Marine  
  70  6:13  Marine x2, SCV x2  
  74  6:19  Refinery  
  74  6:22  Barracks  
  74  6:25  SCV x2, Barracks  
  73  6:27  Command Center, Medivac  
  73  6:29  Medivac  
  73  6:31  Marauder, Marine x2  
  81  6:37  SCV x2  
  81  6:39  Marauder  
  85  6:46  Widow Mine x2  
  83  6:49  Marine x2, SCV x2  
  83  6:52  Marauder  
  86  6:56  Supply Depot x2  
  86  7:00  Combat Shields  
  85  7:01  Marauder  
  85  7:06  Medivac x2  
  85  7:07  Marine  
  85  7:08  Widow Mine  
  92  7:09  Widow Mine  
  94  7:17  Barracks Reactor  
  94  7:18  Marauder, SCV x2  
  94  7:22  Supply Depot  
  98  7:23  Barracks Tech Lab  
  98  7:24  Supply Depot  
  98  7:30  SCV x2  
  98  7:31  Marine x2, Marauder  
  98  7:34  Widow Mine x2  
  108  7:38  Terran Infantry Weapons Level 1  
  108  7:39  Marauder  
  108  7:40  Engineering Bay  
  108  7:41  Orbital Command  
  108  7:42  SCV  
  108  7:43  SCV  
  111  7:44  Medivac  
  109  7:53  Marine x3, Marauder x2  
  114  8:01  Widow Mine x2, Marauder  
  114  8:03  SCV x2  
  122  8:07  Medivac  
  121  8:13  Concussive Shells  
  121  8:14  Marine x4, Marauder  
  121  8:15  Marauder  
  121  8:17  SCV x3  
  121  8:19  Refinery, Terran Infantry Armor Level 1  
  132  8:20  Refinery  
  132  8:22  Marauder  
  134  8:27  Widow Mine  
  134  8:28  Widow Mine  
  134  8:31  Medivac  
  134  8:34  SCV x3  
  137  8:37  Medivac  
  129  8:45  Marauder x3  
  129  8:46  Marine x2  
  129  8:47  Marine x2  
  139  8:50  Widow Mine x2  
  141  8:58  Supply Depot  
  141  8:59  Ghost Academy  
  141  9:01  Armory  
  141  9:06  Marine x2  
  141  9:13  Supply Depot x2  
  141  9:14  Supply Depot  
  141  9:15  Marine x2  
  141  9:16  Marauder x3  
  142  9:26  Widow Mine x2, Command Center  
  142  9:27  Medivac x2  
  143  9:34  Marine x4  
  144  9:45  Ghost x3  
  143  9:52  Marine x4  
  127  9:53  Widow Mine  
  127  9:56  Medivac  
  99  10:08  Medivac  
  99  10:09  Marine x2  
  99  10:10  Marine x2  
  103  10:14  Marauder x3  
  103  10:17  Widow Mine x2, Barracks  
  111  10:24  Barracks  
  111  10:25  Barracks  
  111  10:29  Marine x4  
  111  10:33  Medivac  
  111  10:34  Terran Infantry Weapons Level 2  
  119  10:35  Marauder  
  119  10:37  Planetary Fortress  
  119  10:38  Medivac  
  119  10:40  Refinery x2  
  119  10:42  Widow Mine x2  
  125  10:48  Marauder x2  
  129  10:50  Marine x4  
  129  10:54  Terran Infantry Armor Level 2  
  135  10:57  Marauder  
  135  11:02  Liberator x2  
  135  11:08  Widow Mine, Marine x4  
  135  11:09  Widow Mine, Marauder x2  
  141  11:18  Marauder  
  130  11:27  Marine x4  
  130  11:31  Marauder x2  
  129  11:33  Widow Mine x2  
  125  11:40  Marauder  
  125  11:45  Marine x4  
  122  11:52  Marauder x2  
  128  11:54  Widow Mine x2  
  128  12:01  Marauder  
  120  12:02  Medivac x2, Marine x2  
  120  12:03  Marine x2  
  113  12:13  Marauder x2  
  113  12:22  Marine x4, Marauder  
  115  12:23  Barracks Reactor, Barracks Tech Lab x2  
  115  12:29  Widow Mine x2  
  112  12:32  Medivac x2  
  112  12:34  Ghost x2  
  120  12:43  Ghost  
  122  12:50  Marine x4  
  126  12:51  Marauder x2  
  130  12:58  SCV  
  130  12:59  Terran Infantry Weapons Level 3, SCV x2  
  130  13:02  Medivac x2  
  130  13:03  Marauder x2  
  141  13:12  Marauder  
  139  13:15  Liberator x2  
  139  13:16  Marauder x2, Marine x6  
  143  13:21  Widow Mine  
  143  13:22  Widow Mine  
  143  13:23  SCV x3  
  143  13:25  Marauder x2  
  145  13:34  Marauder  
  153  13:47  Ghost x3  
  153  13:48  Marine x6, Marauder  
  167  13:50  Supply Depot  
  167  13:53  Supply Depot  
  167  13:54  Supply Depot  
  167  13:55  Supply Depot, Marauder  
  165  14:10  Liberator x2  
  165  14:11  Ghost  
  165  14:12  Marine x4  
  165  14:15  Ghost  
  165  14:16  Marauder x3  
  179  14:19  Widow Mine x2  
  189  14:38  Marauder  
  132  14:52  Marauder x4, Marine x6  
  125  14:53  Widow Mine  
  125  14:59  Marauder  
  108  15:09  Marine x2  
  108  15:10  Medivac x2, Marine  
  108  15:13  Marauder x4  
  117  15:15  Marine x2  
  117  15:16  Marine  
  118  15:22  Widow Mine x2  
  122  15:35  Marauder  
  122  15:36  Marauder x4  
  122  15:37  Marine x2  
Show
View Real Time Build Order
Export as new Build Order

Patience Protoss - Winner!

Build Orders: 1 Gate Expand, Oracle Opening 

Get SALT Encoding   

  12  0:00  Probe  
  13  0:12  Probe  
  14  0:16  Pylon  
  14  0:23  Probe  
  15  0:31  Probe  
  16  0:36  Gateway  
  16  0:39  Probe  
  16  0:45  Assimilator  
  17  0:51  Probe  
  19  1:04  Probe  
  19  1:16  Probe  
  20  1:22  Nexus  
  20  1:32  Cybernetics Core  
  20  1:35  Probe  
  21  1:43  Assimilator  
  21  1:47  Probe  
  21  1:50  Pylon  
  22  1:58  Stalker  
  22  1:59  Probe  
  23  2:12  Probe  
  26  2:18  Stargate  
  26  2:19  Stalker  
  26  2:24  Probe  
  29  2:34  Probe  
  29  2:36  Probe  
  30  2:46  Warp Gate, Probe  
  30  2:48  Probe  
  32  2:55  Oracle  
  32  2:58  Probe  
  32  3:00  Probe  
  37  3:10  Probe  
  37  3:12  Probe  
  39  3:15  Pylon  
  39  3:22  Probe  
  39  3:23  Gateway  
  39  3:25  Gateway  
  40  3:31  Oracle  
  40  3:38  Probe  
  44  3:48  Probe  
  45  3:51  Probe, Pylon  
  46  3:58  Probe  
  46  4:02  Nexus  
  46  4:04  Pylon  
  46  4:05  Probe  
  46  4:06  Probe  
  47  4:15  Probe x2  
  47  4:16  Assimilator  
  48  4:18  Assimilator  
  48  4:23  Probe  
  50  4:26  Phoenix  
  50  4:27  Probe  
  52  4:31  Probe  
  55  4:39  Probe  
  55  4:43  Probe, Shield Battery  
  57  4:47  Phoenix  
  57  4:51  Sentry, Probe, Zealot  
  57  4:52  Zealot  
  66  4:57  Probe  
  67  5:02  Twilight Council  
  67  5:03  Forge, Probe  
  67  5:06  Phoenix  
  70  5:17  Stalker  
  70  5:18  Stalker  
  70  5:19  Stalker  
  76  5:29  Phoenix  
  72  5:44  Stalker x2  
  72  5:56  Phoenix  
  69  5:58  Blink  
  69  6:01  Protoss Ground Weapons Level 1  
  69  6:03  Probe x2  
  69  6:04  Probe  
  74  6:08  Stalker  
  75  6:15  Probe x2  
  75  6:16  Probe  
  76  6:19  Pylon  
  76  6:20  Pylon  
  74  6:27  Probe x2  
  74  6:28  Probe  
  74  6:32  Robotics Facility  
  77  6:33  Pylon  
  77  6:39  Probe x2  
  79  6:42  Probe  
  79  6:43  Stalker x2  
  79  6:45  Stalker  
  86  6:51  Probe  
  86  6:52  Probe  
  86  7:01  Probe  
  86  7:04  Probe x2  
  86  7:08  Gateway  
  89  7:09  Gateway x2  
  89  7:10  Gateway  
  89  7:13  Probe, Sentry x2  
  89  7:14  Sentry  
  96  7:16  Pylon  
  96  7:22  Observer  
  96  7:24  Shield Battery  
  96  7:26  Photon Cannon  
  96  7:29  Assimilator  
  94  7:32  Probe x3  
  94  7:36  Assimilator  
  97  7:37  Observer  
  97  7:41  Photon Cannon  
  98  7:45  Shield Battery  
  98  7:49  Stalker x2  
  102  7:55  Protoss Ground Armor Level 1  
  102  7:57  Pylon x2  
  103  7:58  Probe x3  
  105  8:06  Charge  
  105  8:12  Stalker x2  
  109  8:15  Pylon  
  109  8:17  Pylon  
  109  8:18  Immortal  
  113  8:22  Pylon  
  113  8:26  Pylon  
  110  8:37  Zealot x7  
  118  8:49  Immortal  
  118  8:53  Pylon  
  118  8:54  Templar Archives  
  118  8:57  Pylon  
  121  9:06  Probe  
  121  9:07  Probe x2  
  124  9:11  Zealot x7  
  138  9:18  Pylon  
  138  9:25  Nexus  
  124  9:32  Zealot x4  
  124  9:37  Stalker x2  
  128  9:41  Stalker  
  122  9:52  Psionic Storm  
  110  9:53  Warp Prism  
  110  9:55  Zealot x4  
  106  10:08  Protoss Ground Armor Level 2  
  106  10:09  High Templar x3  
  106  10:11  Observer  
  112  10:15  High Templar  
  112  10:17  Sentry x3  
  112  10:19  Archon  
  120  10:24  Forge, Observer  
  120  10:27  Photon Cannon  
  121  10:40  Photon Cannon  
  121  10:41  High Templar x3  
  127  10:42  High Templar  
  127  10:43  Stalker x2  
  127  10:45  Pylon  
  127  10:47  Archon x2  
  127  10:48  Stalker, Observer  
  135  10:52  Probe  
  135  10:53  Probe x3, Pylon  
  135  10:55  Assimilator  
  140  10:59  Assimilator  
  140  11:01  Pylon  
  140  11:02  Observer  
  137  11:22  Immortal  
  137  11:25  Stalker x7  
  125  11:48  Stalker x7  
  125  11:51  Protoss Ground Weapons Level 2  
  125  12:07  Immortal  
  101  12:16  Stalker x5  
  101  12:17  Stalker  
  113  12:26  Gateway  
  113  12:28  Gateway  
  113  12:29  Gateway  
  111  12:31  Gateway, Stalker  
  111  12:33  Immortal, Protoss Shields Level 1  
  111  12:34  Gateway  
  105  12:42  Sentry  
  105  12:43  Zealot x5  
  121  12:53  Probe x4  
  125  13:00  High Templar  
  125  13:02  Nexus  
  125  13:03  Pylon  
  125  13:04  High Templar  
  129  13:06  Stalker x3  
  129  13:09  Zealot  
  129  13:10  Zealot  
  129  13:11  Archon  
  134  13:20  Warp Prism  
  127  13:30  Sentry  
  127  13:32  High Templar x2  
  135  13:36  Zealot x2  
  135  13:37  Zealot x3  
  145  13:49  High Templar x2  
  145  13:55  High Templar x2  
  153  13:56  Archon  
  153  13:57  Immortal  
  153  13:58  Observer  
  153  14:02  Archon  
  153  14:09  Zealot  
  159  14:10  Zealot x7  
  173  14:23  Stalker x2  
  170  14:39  Stalker x6  
  142  14:57  High Templar x2  
  142  14:59  Probe x3  
  139  15:02  Stalker x5  
  149  15:10  Probe x2  
  149  15:11  Probe  
  152  15:23  Observer  
  152  15:27  High Templar x2  
  152  15:28  High Templar x3  
  162  15:29  Zealot x6  
  162  15:32  Archon x2  
  162  15:34  High Templar  
  176  15:38  Archon  
  176  15:54  Archon  
  176  15:55  Zealot x3  
  154  15:57  Zealot x3  
  154  16:02  Zealot x2  
  154  16:03  Zealot x3  
  168  16:09  Assimilator  
Tags
 
Add a new tag
Caveats
  • Supply blocks, unpowered buildings, or Contaminate may cause inaccurate times.
  • Supply counts are checked every 10 seconds.